 Dungeon Crawl Stone Soup version 0.30.1 (webtiles) character file.

Game seed: 2523321341979610981

959 BreadTh the Magician (level 7, -13/36 HPs)
             Began as a Spriggan Fire Elementalist on July 5, 2023.
             Was an Initiate of Vehumet.
             Mangled by Duvessa
             ... wielding a +0 rapier
              (21 damage)
             ... on level 5 of the Dungeon.
             The game lasted 00:23:18 (5306 turns).

BreadTh the Magician (Spriggan Fire Elementalist)   Turns: 5306, Time: 00:23:20

Health: -13/36     AC:  2    Str:  4    XL:     7   Next: 91%
Magic:  8/16       EV: 20    Int: 19    God:    Vehumet [......]
Gold:   141        SH:  0    Dex: 21    Spells: 3/16 levels left

rFire   . . .        v - +3 dagger (elec)
rCold   + . .        (no shield)
rNeg    . . .        m - +0 robe {rC+}
rPois   .            s - +0 hat
rElec   .            (no cloak)
rCorr   +            (gloves unavailable)
SInv    +            (boots unavailable)
Will    +....        (no amulet)
Stlth   ++           d - ring of resist corrosion
HPRegen 0.26/turn    B - +6 ring of dexterity
MPRegen 0.15/turn

%: no passive effects
@: lethally poisoned (-13 -> -17), slow
A: very small, no large weapons, unfitting armour, see invisible, speed 3
a: Renounce Religion


You were on level 5 of the Dungeon.
You worshipped Vehumet.
Vehumet was noncommittal.
You visited 2 branches of the dungeon, and saw 6 of its levels.

You collected 141 gold pieces.

Inventory:

Hand Weapons
 v - a +3 dagger of electrocution (weapon)
 x - a +0 heavy spear
 A - a +1 sling of electrocution
Missiles
 k - 29 stones
 y - 6 curare-tipped darts
 E - 2 atropa-tipped darts
Armour
 l - a scarf of shadows
 m - a +0 robe of cold resistance (worn)
 s - a +0 hat (worn)
Jewellery
 d - a ring of resist corrosion (left hand)
 B - a +6 ring of dexterity (right hand)
Wands
 w - a wand of charming (9)
Scrolls
 a - a scroll of enchant weapon
 f - a scroll of teleportation
 g - a scroll of vulnerability {unknown}
 i - a scroll of magic mapping
 j - 2 scrolls of identify {unknown}
 q - a scroll of fear {unknown}
 r - a scroll of amnesia {unknown}
 t - a scroll of blinking {unknown}
 u - 2 scrolls of torment {unknown}
 z - 2 scrolls of brand weapon {unknown}
 C - a scroll of enchant armour {unknown}
 F - a scroll of fog {unknown}
Potions
 b - a potion of magic
 c - 5 potions of curing
 e - a potion of flight {unknown}
 h - 3 potions of attraction {unknown}
 n - 2 potions of lignification {unknown}
 o - a potion of brilliance {unknown}
 p - a potion of heal wounds {unknown}
 D - a potion of cancellation {unknown}


   Skills:
 - Level 3.0 Fighting
 - Level 5.0 Dodging
 - Level 5.0 Stealth
 + Level 5.4 Spellcasting
 - Level 1.0 Conjurations
 * Level 5.3 Fire Magic


You had 3 spell levels left.
You knew the following spells:

 Your Spells              Type           Power      Damage    Failure   Level
a - Foxfire               Conj/Fire      68%        2x1d7     3%          1
b - Scorch                Fire           50%        2d7       1%          2
c - Inner Flame           Hex/Fire       15%        N/A       12%         3
d - Volatile Blastmotes   Fire/Tloc      30%        2d12      12%         3
e - Flame Wave            Conj/Fire      17%        2d7       32%         4

Your spell library contained the following spells:

 Spells                   Type           Power      Damage    Failure   Level
 Beastly Appendage        Tmut           10%        N/A       12%         1
 Sandblast                Erth           10%        2d5       12%         1
 Summon Small Mammal      Summ           20%        N/A       12%         1
 Static Discharge         Conj/Air       14%        2-3/arc   14%         2
 Ignite Poison            Fire/Tmut/Pois 12%        N/A       17%         3
 Cigotuvi's Dreadful Rot  Necr/Pois/Air  10%        N/A       19%         2
 Ensorcelled Hibernation  Hex/Ice        10%        N/A       19%         2
 Passwall                 Tmut/Erth      4%         N/A       19%         2
 Wereblood                Tmut           5%         N/A       19%         2
 Stone Arrow              Conj/Erth      14%        3d7       28%         3
 Call Canine Familiar     Summ           5%         N/A       34%         3
 Frozen Ramparts          Ice            10%        1d2       34%         3
 Spider Form              Tmut/Pois      5%         N/A       34%         3
 Summon Guardian Golem    Hex/Summ       5%         N/A       34%         3
 Swiftness                Air            5%         N/A       34%         3
 Airstrike                Air            2%         2d(1-17)  75%         4
 Ice Form                 Ice/Tmut       5%         N/A       75%         4
 Summon Ice Beast         Ice/Summ       5%         N/A       75%         4
 Summon Lightning Spire   Summ/Air       5%         N/A       75%         4
 Irradiate                Conj/Tmut      3%         3d12      95%         5
 Freezing Cloud           Conj/Ice/Air   3%         6-21      96%         5
 Blade Hands              Tmut           2%         N/A       97%         5
 Dragon Form              Tmut           2%         N/A       100%        7


Dungeon Overview and Level Annotations

Branches:
Dungeon (5/15)             Temple (1/1) D:4

Altars:
Cheibriados
Dithmenos
Fedhas
Hepliaklqana
Kikubaaqudgha
Okawaru
Qazlal
Trog
Uskayaw
Vehumet
Wu Jian
Xom
The Shining One

Shops:
D:3 :

Portals:
Sewer: D:5

Annotations:
D:5 Duvessa


Innate Abilities, Weirdness & Mutations

You are very small and have problems with some larger weapons.
You are too small for most types of armour.
You have supernaturally acute eyesight. (SInv)
You cover ground extremely quickly. (Speed+++)


Message History

* * * LOW HITPOINT WARNING * * *
Duvessa completely misses you.
Unknown command.
The foxfire hits Duvessa but does no damage.
Duvessa is lightly wounded.
The foxfire hits Duvessa but does no damage.
Duvessa is lightly wounded.
The foxfire hits Duvessa but does no damage.
Duvessa is lightly wounded.
The foxfire hits Duvessa but does no damage.
Duvessa is lightly wounded.
Duvessa rages.
You hear a shout!
Duvessa rages.
You hear the brisk rusting of a drain.
Duvessa rages.
An adder comes into view.
You enter the shallow water.
Moving in this stuff is going to be slow.
Found a glowing drain.
The adder hisses angrily.
The adder bites you but does no damage.
Your unstable footing causes you to fumble your attack.
You hear a shout!
The adder barely misses you.
You puncture the adder!
The adder is heavily wounded.
The adder bites you.
You are poisoned.
The adder poisons you!
You hit the adder.
The adder is almost dead.
You feel sick. The adder bites you.
You miss the adder.
The adder is almost dead.
You feel sick. Duvessa barely misses you. The adder bites you.
* * * LOW HITPOINT WARNING * * *
Duvessa hits you with a +0 rapier!!
Ouch! That really hurt!
You die...

***#.###......######...#,,,,**,,,
* #,*#.......#####..#....#,***,,
***#.......##.#...#...##** ***
#.......e.......#*,.#
##..............#*,*#
#####..........#*** ###.........#
#.########## #.~e@S~~~∩~#
############


You could see Duvessa (berserk) and an adder.

Vanquished Creatures
  Sigmund (D:5)
  Menkaure (D:5)
  A phantom (D:5)
  A scorpion (D:4)
  Dowan (D:5)
  A howler monkey (D:4)
  2 hounds (D:5)
  3 orc priests
  An iguana (D:5)
  Jessica (D:2)
  2 orc wizards
  5 adders
  8 gnolls
  2 worms (D:2)
  11 orcs
  5 endoplasms
  5 giant cockroaches
  5 hobgoblins
  4 quokkas
  8 ball pythons
  3 bats
  A frilled lizard (D:2)
  9 goblins
  7 kobolds
  4 rats
92 creatures vanquished.

Vanquished Creatures (others)
  356 foxfires
356 creatures vanquished.

Grand Total: 448 creatures vanquished

Notes
Turn   | Place    | Note
-------+----------+-------------------------------------------
     0 | D:1      | BreadTh the Spriggan Fire Elementalist began the quest for
                  | the Orb.
     0 | D:1      | Reached XP level 1. HP: 9/9 MP: 5/5
   272 | D:1      | Reached XP level 2. HP: 13/13 MP: 3/6
  1225 | D:2      | Reached XP level 3. HP: 17/17 MP: 4/8
  1320 | D:2      | Reached skill level 1 in Conjurations
  1453 | D:2      | Reached XP level 4. HP: 21/21 MP: 0/9
  1567 | D:2      | Learned a level 2 spell: Scorch
  1575 | D:2      | Reached skill level 1 in Fighting
  1889 | D:2      | Learned a level 3 spell: Inner Flame
  1893 | D:2      | Learned a level 3 spell: Volatile Blastmotes
  2014 | D:2      | Noticed Jessica
  2022 | D:2      | Killed Jessica
  2300 | D:2      | Found a glowing golden altar of the Shining One.
  3028 | D:3      | Reached XP level 5. HP: 25/25 MP: 7/11
  3535 | D:3      | Reached XP level 6. HP: 30/30 MP: 6/12
  3645 | D:3      | Found Vaubrino's Book Emporium.
  4301 | D:4      | Found a staircase to the Ecumenical Temple.
  4311 | Temple   | Entered the Ecumenical Temple
  4482 | Temple   | Became a worshipper of Vehumet
  4578 | D:4      | Learned a level 4 spell: Flame Wave
  4692 | D:4      | Reached skill level 5 in Stealth
  4903 | D:5      | Entered Level 5 of the Dungeon
  4921 | D:5      | Noticed Sigmund
  4943 | D:5      | Noticed Menkaure
  4952 | D:5      | Reached XP level 7. HP: 29/35 MP: 1/14
  4965 | D:5      | Killed Menkaure
  4966 | D:5      | Reached skill level 5 in Dodging
  5125 | D:5      | Killed Sigmund
  5126 | D:5      | Reached skill level 5 in Spellcasting
  5126 | D:5      | Reached skill level 5 in Fire Magic
  5147 | D:5      | Noticed Dowan
  5234 | D:5      | Killed Dowan
  5239 | D:5      | Noticed Duvessa
  5300 | D:5      | Found a glowing drain.
  5306 | D:5      | Mangled by Duvessa

Illustrated notes

Levels and vault maps discovered:
D:1:      saegor_arrival_under_anarchy, layout_basic
D:2:      minmay_alternating_diamond, layout_loops_cross, basic_altar,
          minmay_indecisive_spiral, uniq_jessica
D:3:      layout_basic, serial_shops, nicolae_shop_back_alley_shop
D:4:      layout_rooms, temple_hall
D:5:      layout_cave_pools, portal_sewer_entry_d, uniq_menkaure, uniq_sigmund,
          uniq_duvessa
Temple:   hellmonk_temple_forest_ring

Skill      XL: |  1  2  3  4  5  6  7 |
---------------+----------------------+-----
Dodging        | 3 4 5 |  5.0
Spellcasting   | 3 4 5 |  5.4
Conjurations   | 1 |  1.0
Fire Magic     | 3 4 5 |  5.3
Fighting       | 1 2 3 |  3.0
Stealth        | 4 5 |  5.0

Action                     |  1- 3 |  4- 6 |  7- 9 || total
---------------------------+-------+-------+-------++-------
  Melee: Dagger            |    11 |    24 |     6 ||    41
   Cast: Foxfire           |    60 |   130 |    25 ||   215
         Scorch            |       |     8 |     4 ||    12
    Use: Scroll            |       |     3 |       ||     3
 Armour: Robe              |     1 |     2 |     1 ||     4
  Dodge: Dodged            |    17 |    37 |    18 ||    72
